 Dungeon Crawl Stone Soup version 0.31-a0-859-g9dce7d3444 (webtiles) character file.

Game seed: 674746617830559036

23950 D12ThenQuit the Brawler (level 12, 124/124 HPs)
             Began as an Armataur Chaos Knight on Oct 10, 2023.
             Was a Plaything of Xom.
             Got out of the dungeon alive.
             The game lasted 00:37:32 (15243 turns).

D12ThenQuit the Brawler (Armataur Chaos Knight)    Turns: 15243, Time: 00:37:33

Health: 124/124    AC: 22    Str: 25    XL:     12   Next: 76%
Magic:  13/13      EV:  3    Int: 12    God:    Xom [*.....]
Gold:   989        SH:  4    Dex: 19    Spells: 11/11 levels left

rFire   + +          .
                       - Unarmed
rCold   + + .        c - orb {light}
rNeg    . . .        X - +0 crystal plate armour {rC+}
rPois   .            h - +2 hat
rElec   .            Y - scarf {rC+ rF+}
rCorr   .            N - +0 pair of gloves
SInv    .            (no barding)
Will    +++..        Z - amulet of guardian spirit Stlth
                     z - +6 ring of strength
HPRegen 0.40/turn    O - ring "Segorix" {rF+ Dex+5 Stlth+}
MPRegen 0.13/turn

%: clarity, guardian spirit, roll
@: glowing, studying Necromancy
A: large, rugged brown scales 3, deformed body, armoured tail, roll, long
tongue, awkward tongue, antennae 1, claws 1, stinger 2, talons 1, iridescent
scales 1, large bone plates 1, clarity, high MP 1, strong-willed 3, mutation
resistance 1, sense surroundings 1, robust 1, wild magic 1, noise suppression
a: Renounce Religion


You escaped.
You worshipped Xom.
You were a special plaything of Xom.
You visited 1 branch of the dungeon, and saw 14 of its levels.
You also visited: Sewer and Ice Cave.

You collected 1121 gold pieces.
You spent 132 gold pieces at shops.

Inventory:

Hand Weapons
 M - a +4 orcbow of chaos
Missiles
 x - 52 poisoned darts
Armour
 c - an orb of light (worn)
 h - a +2 hat (worn)
 J - the +0 cloak of the Tundras {rCorr}
   (You found it on level 7 of the Dungeon)

   rCorr:     It protects you from acid and corrosion.
 K - an orb of wrath
 L - +0 acid dragon scales
 N - a +0 pair of gloves (worn)
 X - a +0 crystal plate armour of cold resistance (worn)
 Y - a scarf of resistance (worn)
Jewellery
 d - a ring of resist corrosion
 l - a ring of positive energy
 z - a +6 ring of strength (left hand)
 G - a ring of see invisible
 O - the ring "Segorix" (right hand) {rF+ Dex+5 Stlth+}
   (You acquired it on level 13 of the Dungeon)

   [ring of protection from fire]

   Dex+5:     It affects your dexterity (+5).
   rF+:       It protects you from fire.
   Stlth+:    It makes you more stealthy.
 T - a ring of ice
 Z - an amulet of guardian spirit (around neck)
Talismans
 E - a flux talisman
 W - a granite talisman
Wands
 e - a wand of mindburst (9)
 t - a wand of flame (17)
 y - a wand of iceblast (14)
 F - a wand of polymorph (8)
Scrolls
 a - a scroll of immolation
 b - 3 scrolls of butterflies
 f - 6 scrolls of enchant armour
 g - 3 scrolls of blinking
 j - 3 scrolls of fog
 m - 2 scrolls of revelation
 n - 3 scrolls of poison
 p - 4 scrolls of enchant weapon
 q - 4 scrolls of vulnerability
 s - 3 scrolls of teleportation
 D - 4 scrolls of amnesia {unknown}
 V - a scroll of torment
Potions
 i - 2 potions of mutation
 k - 6 potions of curing
 o - 3 potions of lignification
 r - 2 potions of resistance
 u - 2 potions of magic
 w - 4 potions of cancellation
 A - a potion of invisibility
 B - a potion of attraction
 C - a potion of haste
 H - 3 potions of enlightenment
 I - 2 potions of brilliance
 P - a potion of might {unknown}
 S - 7 potions of ambrosia
 U - 3 potions of heal wounds {unknown}
Miscellaneous
 Q - a phantom mirror


   Skills:
 - Level 10.1 Fighting
 + Level 11.3 Armour
 - Level 0.6 Dodging
 + Level 15.4 Unarmed Combat


You had 11 spell levels left.
You didn't know any spells.
Your spell library contained the following spells:

 Spells                   Type           Power      Damage    Failure   Level
 Foxfire                  Conj/Fire      0%         2x1d4     100%        1
 Kiss of Death            Conj/Necr      0%         2d5       100%        1
 Sting                    Tmut/Pois      0%         1d3       100%        1
 Summon Small Mammal      Summ           0%         N/A       100%        1
 Ensorcelled Hibernation  Hex/Ice        0%         N/A       100%        2
 Wereblood                Tmut           0%         N/A       100%        2
 Call Canine Familiar     Summ           0%         N/A       100%        3
 Hailstorm                Conj/Ice       0%         3d3       100%        3
 Inner Flame              Hex/Fire       0%         N/A       100%        3
 Summon Guardian Golem    Hex/Summ       0%         N/A       100%        3
 Vampiric Draining        Necr           0%         2d6       100%        3
 Flame Wave               Conj/Fire      0%         2d4       100%        4
 Sticky Flame             Conj/Fire      0%         2d3       100%        4
 Summon Ice Beast         Ice/Summ       0%         N/A       100%        4
 Irradiate                Conj/Tmut      0%         3d11      100%        5
 Metabolic Englaciation   Hex/Ice        0%         N/A       100%        5
 Summon Forest            Summ/Tloc      0%         N/A       100%        5
 Eringya's Noxious Bog    Tmut/Pois      0%         4d6       100%        6
 Simulacrum               Ice/Necr       0%         N/A       100%        6
 Summon Hydra             Summ           0%         N/A       100%        7
 Infestation              Necr           0%         N/A       100%        8
 Polar Vortex             Ice            0%         N/A       100%        9


Dungeon Overview and Level Annotations

Branches:
Dungeon (14/15)            Temple (0/1) D:6            Lair (0/5) D:9
    Orc (0/2) D:9           Sewer (visited)           IceCv (visited)
 Vaults: D:13-14

Altars:
Hepliaklqana
Makhleb
Nemelex Xobeh
Okawaru
Ru
Trog
Uskayaw
Wu Jian

Shops:
D:5 =   D:8 *:[?   D:12 =

Annotations:
D:3 2 runed translucent doors


Innate Abilities, Weirdness & Mutations

You are completely covered in rugged brown scales. (AC +3, +7% HP)
Armour fits poorly on your strangely shaped body.
You have a long armoured tail.
You roll when moving toward enemies. (Rampage)
Your long tongue fully drains potion bottles. (2x potion effects)
Your tongue gives you trouble enunciating. (1.5x scroll delay)
You have a pair of small antennae on your head.
You have sharp fingernails.
Your tail ends in a sharp venomous barb.
You have sharp toenails.
You are partially covered in iridescent scales. (AC +2)
You are partially covered in large bone plates. (SH +4)
You possess an exceptional clarity of mind.
You have an increased reservoir of magic. (+10% MP)
You are extremely strong-willed. (Will+++)
You are somewhat resistant to further mutation.
You passively map a small area around you.
You are robust. (+10% HP)
Your spells are a little harder to cast, but a little more powerful.
You passively dampen the noise of your surroundings.


Message History

There is a stone staircase leading up here.
You climb upwards.
There is a stone staircase leading down here.
There is an open door here.
There is an open door here.
There is a stone staircase leading up here.
You climb upwards.
There is a stone staircase leading down, spattered with blood here.
There is an open door here.
There is a stone staircase leading up here.
You climb upwards.
There is a stone staircase leading down here.
There is a stone staircase leading up here.
You climb upwards.
There is a stone staircase leading down here.
There is an open door here.
There is a stone staircase leading up here.
You climb upwards.
There is a stone staircase leading down here.
You see here a +0 leather armour.
There is a stone staircase leading up here.
You climb upwards.
There is a stone staircase leading down here.
There is a stone staircase leading up here.
You climb upwards.
There is a stone staircase leading down here.
There is a stone staircase leading up here.
You climb upwards.
Level annotation: 2 runed translucent doors
There is a stone staircase leading down here.
There is a stone staircase leading up here.
You see here a +0 club.
You climb upwards.
There is a stone staircase leading down here.
There is a stone staircase leading up here.
You climb upwards.
There is a stone staircase leading down here.
You enter the shallow water.
There is a staircase leading out of the dungeon here.
You have escaped!

...[..##.♣.............♣.....#
##..#.♣♣♣~♣.....PP....♣~♣♣♣..#
###..♣...♣~♣...PPPP..♣~♣...♣.#
####♣..(..♣~♣PPPPPPP♣~♣.....♣#
....♣......♣~♣PPPPP♣~♣......♣
....♣......P♣~♣PPP♣~♣.......♣
....♣......PP♣~♣♣♣~♣........♣#
.....♣....PPPP♣~~~♣........♣.#
......♣..PPPPP♣~@~♣.......♣..##
..(..♣...PPPPP♣~~~♣........♣..#
....♣.....PPP♣~♣♣♣~♣........♣.#
.#..♣......P♣~♣PPP♣~♣.......♣##
....♣......♣~♣PPPPP♣~♣......♣
....♣.....♣~♣PPPPPPP♣~♣÷))..♣#
.....♣...♣~♣...PPPP..♣~♣)..♣.#
......♣♣♣~♣.....PP....♣~♣♣♣..#
.........♣.............♣.....#


There were no monsters in sight!

Vanquished Creatures
  Fannar (D:12)
  A two-headed ogre (D:11)
  A dancing weapon (D:13)
  A necromancer (IceCv)
  3 cyclopes
  An ice statue (IceCv)
  2 gargoyles
  An unseen horror (D:12)
  A rime drake (D:11)
  2 komodo dragons
  2 anaconda simulacra (IceCv)
  5 freezing wraiths (IceCv)
  11 ice devils (IceCv)
  A troll (D:11)
  A queen bee (D:9)
  A hornet (D:10)
  5 slime creatures (D:12)
  2 wraiths
  2 dire elephant simulacra (IceCv)
  A shadow (D:10)
  A vampire (D:9)
  2 wyverns (D:9)
  Eustachio (D:5)
  4 yaks (D:11)
  9 vampire mosquitoes
  2 steam dragons
  A basilisk (D:5)
  4 death yak simulacra (IceCv)
  Grum (D:9)
  4 acid dragons
  2 harpy simulacra (IceCv)
  4 water moccasins
  A hydra simulacrum (IceCv)
  2 black bears (D:6)
  5 orc warriors
  An ice beast (D:6)
  A sky beast (D:8)
  4 wolves (D:9)
  4 ogres
  12 centaurs
  10 kobold brigands
  6 bullfrogs
  6 scorpions
  8 cane toad simulacra (IceCv)
  A two-headed ogre simulacrum (IceCv)
  An elephant simulacrum (IceCv)
  24 killer bees (D:9)
  2 howler monkeys (D:8)
  A lava snake (D:10)
  A jelly (D:5)
  5 hounds
  A gnoll bouda (D:5)
  5 orc priests
  5 iguanas
  A sleepcap (D:6)
  Natasha (thrice) (D:2)
  9 orc wizards
  A spriggan simulacrum (IceCv)
  3 polar bear simulacra (IceCv)
  4 wolf simulacra (IceCv)
  7 adders
  14 gnolls
  2 naga simulacra (IceCv)
  3 shadow imps
  15 white imps
  2 ufetubi
  3 dart slugs
  11 worms
  31 orcs
  11 endoplasms
  A giant cockroach (D:3)
  9 goblins
  7 hobgoblins
  6 jackals
  30 kobolds
  5 quokkas
  11 ball pythons
  3 bats
  2 frilled lizards (D:1)
  5 rats
  A butterfly (D:6)
386 creatures vanquished.

Vanquished Creatures (collateral kills)
  A two-headed ogre (D:10)
  A troll (D:12)
  A spriggan simulacrum (IceCv)
3 creatures vanquished.

Vanquished Creatures (others)
  Psyche (D:9)
  A killer bee (D:9)
  An orc priest (D:9)
  An orc (D:9)
  A kobold (D:9)
  A rat (D:1)
6 creatures vanquished.

Grand Total: 395 creatures vanquished

Notes
Turn   | Place    | Note
-------+----------+-------------------------------------------
     0 | D:1      | D12ThenQuit the Armataur Chaos Knight began the quest for
                  | the Orb.
     0 | D:1      | Reached XP level 1. HP: 19/19 MP: 1/1
    27 | D:1      | Reached skill level 3 in Unarmed Combat
    55 | D:1      | XOM: silly message
    89 | D:1      | Reached XP level 2. HP: 26/26 MP: 2/2
   172 | D:1      | XOM: destruction
   483 | D:1      | XOM: give mutations
   483 | D:1      | Gained mutation: You have large cloven feet. [Xom's grace]
   483 | D:1      | Gained mutation: You are agile. (Dex +4, Str/Int -1) [Xom's
                  | grace]
   483 | D:1      | Gained mutation: Your spells are a little harder to cast,
                  | but a little more powerful. [Xom's grace]
   483 | D:1      | Gained mutation: You have a pair of small antennae on your
                  | head. [Xom's grace]
   555 | D:2      | XOM: noise
   716 | D:2      | Reached XP level 3. HP: 32/32 MP: 3/3
   881 | D:2      | XOM: god gift: stone
   933 | D:2      | Noticed Natasha
   936 | D:2      | XOM is BORED!
   936 | D:2      | XOM: enchant monster (bad)
   959 | D:2      | Killed Natasha
   960 | D:2      | Reached skill level 4 in Unarmed Combat
  1014 | D:2      | Noticed Natasha
  1016 | D:2      | XOM: cleaving
  1029 | D:2      | Killed Natasha
  1030 | D:2      | Reached XP level 4. HP: 14/39 MP: 4/4
  1477 | D:2      | Identified Xom's Atlas of the Death Scarab (Xom gifted it
                  | to you on level 2 of the Dungeon)
  1477 | D:2      | XOM: god gift: Xom's Atlas of the Death Scarab
  1539 | D:2      | Noticed Natasha
  1555 | D:2      | Killed Natasha
  1555 | D:2      | XOM: give mutations
  1555 | D:2      | Gained mutation: You have hoof-like feet. [Xom's grace]
  1555 | D:2      | Gained mutation: You have hooves in place of feet. [Xom's
                  | grace]
  1555 | D:2      | Gained mutation: Your tail ends in a venomous barb. [Xom's
                  | grace]
  1555 | D:2      | Lost mutation: You have hooves in place of feet. [Xom's
                  | grace]
  1555 | D:2      | Lost mutation: You have hoof-like feet. [Xom's grace]
  1555 | D:2      | Lost mutation: You have large cloven feet. [Xom's grace]
  1555 | D:2      | Gained mutation: You have sharp toenails. [Xom's grace]
  1556 | D:2      | Reached skill level 5 in Unarmed Combat
  1882 | D:3      | Reached XP level 5. HP: 39/44 MP: 5/5
  1994 | D:3      | Found a large runed translucent door.
  1996 | D:3      | Found a large runed translucent door.
  2018 | D:3      | XOM is BORED!
  2018 | D:3      | XOM: give mutations
  2018 | D:3      | Lost mutation: You have sharp toenails. [Xom's mischief]
  2018 | D:3      | Gained mutation: You passively map a small area around you.
                  | [Xom's mischief]
  2018 | D:3      | Gained mutation: You have hidden genetic potential. [Xom's
                  | mischief]
  2018 | D:3      | Gained mutation: You are dopey. (Int -2) [Xom's mischief]
  2640 | D:4      | Found a glowing drain.
  2717 | D:4      | Reached skill level 6 in Unarmed Combat
  2723 | Sewer    | Entered a sewer
  2794 | Sewer    | Reached XP level 6. HP: 34/53 MP: 6/6
  2797 | Sewer    | Gained mutation: You have sharp toenails. [hidden
                  | potential]
  3088 | Sewer    | XOM: cloud trail
  3107 | Sewer    | XOM: smoke on damage
  3274 | Sewer    | Reached skill level 7 in Unarmed Combat
  3354 | Sewer    | Reached XP level 7. HP: 53/59 MP: 7/7
  3494 | Sewer    | Gained mutation: You are partially covered in large bone
                  | plates. (SH +4) [hidden potential]
  3494 | Sewer    | Lost mutation: You have hidden genetic potential. [hidden
                  | potential expressed]
  3643 | Sewer    | Reached skill level 8 in Unarmed Combat
  3745 | D:4      | Found a burning altar of Makhleb.
  4443 | D:4      | XOM is BORED!
  4443 | D:4      | XOM: draining
  4501 | D:4      | XOM: give mutations
  4501 | D:4      | Lost mutation: You are agile. (Dex +4, Str/Int -1) [Xom's
                  | mischief]
  4501 | D:4      | Gained mutation: You passively dampen the noise of your
                  | surroundings. [Xom's mischief]
  4501 | D:4      | Gained mutation: You possess an exceptional clarity of
                  | mind. [Xom's mischief]
  4517 | D:5      | Entered Level 5 of the Dungeon
  4588 | D:5      | Noticed a +0 short sword
  4589 | D:5      | Noticed a +0 dagger
  4590 | D:5      | Noticed a +0 spear
  4590 | D:5      | Noticed a +0 short sword
  4591 | D:5      | Noticed a +0 falchion
  4591 | D:5      | Noticed a +0 dagger
  4592 | D:5      | Noticed a +0 spear
  4675 | D:5      | XOM: blink monster(s)
  4725 | D:5      | Reached skill level 9 in Unarmed Combat
  4725 | D:5      | Reached XP level 8. HP: 46/66 MP: 8/8
  5228 | D:5      | XOM: stat loss: -1 Int (9/10)
  5262 | D:5      | XOM: butterfly on damage
  5324 | D:5      | XOM: 3-stop teleportation journey
  5326 | D:5      | XOM: 6-stop teleportation journey
  5365 | D:5      | Found a sacrificial altar of Ru.
  5412 | D:5      | Found Qecs's Jewellery Boutique.
  5469 | D:5      | Noticed Eustachio
  5475 | D:5      | Killed Eustachio
  5582 | D:5      | Noticed a +0 falchion
  5598 | D:5      | Found a hide-covered altar of Uskayaw.
  5867 | D:6      | XOM: swap monsters
  5874 | D:6      | Reached skill level 10 in Unarmed Combat
  5904 | D:6      | XOM: butterfly on damage
  5906 | D:6      | Reached skill level 5 in Fighting
  5968 | D:6      | XOM: give mutations
  5968 | D:6      | Lost mutation: You possess an exceptional clarity of mind.
                  | [Xom's mischief]
  5968 | D:6      | Gained mutation: You are strong-willed. (Will+) [Xom's
                  | mischief]
  5968 | D:6      | Gained mutation: You are partially covered in iridescent
                  | scales. (AC +2) [Xom's mischief]
  6053 | D:6      | Reached XP level 9. HP: 79/79 MP: 9/9
  6054 | D:6      | XOM: polymorph orc warrior -> basilisk
  6330 | D:6      | XOM: 8-stop teleportation journey
  6523 | D:6      | XOM: stat loss: -1 Dex (12/13)
  6533 | D:6      | Found a staircase to the Ecumenical Temple.
  6688 | D:6      | Found an iron altar of Okawaru.
  6734 | D:6      | XOM: enchant monster (bad)
  6817 | D:6      | XOM: noise
  7239 | D:6      | XOM: summons 4 hostile shadow creatures
  7361 | D:7      | Reached skill level 11 in Unarmed Combat
  7379 | D:7      | Identified the +0 cloak of the Tundras {rCorr}
  7898 | D:7      | Found an ornate altar of the Wu Jian Council.
  8729 | D:8      | XOM: confusion
  8810 | D:8      | Reached XP level 10. HP: 94/94 MP: 10/10
  9048 | D:8      | Found Keyvuab's Armour Shoppe.
  9050 | D:8      | Found Pups's General Store.
  9050 | D:8      | Found Zeareuc's Magic Scroll Shoppe.
  9055 | D:8      | Found Rikkemn's Book Shoppe.
  9063 | D:8      | XOM: chaos upgrade
  9072 | D:8      | Bought a scroll of identify for 30 gold pieces
  9072 | D:8      | Bought a scroll of identify for 30 gold pieces
  9087 | D:8      | Bought a +0 pair of gloves for 72 gold pieces
  9203 | D:8      | XOM: give mutations
  9203 | D:8      | Gained mutation: You are somewhat resistant to further
                  | mutation. [Xom's grace]
  9203 | D:8      | Gained mutation: You are robust. (+10% HP) [Xom's grace]
  9445 | D:9      | Found a staircase to the Lair.
  9456 | D:9      | Found a staircase to the Orcish Mines.
  9456 | D:9      | XOM: 2-stop teleportation journey
  9459 | D:9      | Noticed Grum
  9482 | D:9      | XOM is BORED!
  9482 | D:9      | XOM: summons 6 hostile demons
  9654 | D:9      | XOM: 2-stop teleportation journey
  9689 | D:9      | XOM: give mutations
  9689 | D:9      | Gained mutation: You have sharp fingernails. [Xom's grace]
  9689 | D:9      | Gained mutation: You possess an exceptional clarity of
                  | mind. [Xom's grace]
  9712 | D:9      | XOM: give mutation
  9712 | D:9      | Gained mutation: You have an increased reservoir of magic.
                  | (+10% MP) [Xom's grace]
  9795 | D:9      | Reached skill level 12 in Unarmed Combat
  9862 | D:9      | Noticed Psyche
  9863 | D:9      | Killed Psyche
  9863 | D:9      | XOM: destruction
  9942 | D:9      | XOM: 2-stop teleportation journey
  9954 | D:9      | XOM: 6-stop teleportation journey
 10030 | D:9      | Killed Grum
 10153 | D:9      | XOM: 6-stop teleportation journey
 10182 | D:9      | XOM: destruction
 10368 | D:9      | Found a bloodstained altar of Trog.
 10536 | D:9      | XOM: scenery: summon butterflies
 10537 | D:10     | Entered Level 10 of the Dungeon
 10753 | D:10     | Reached XP level 11. HP: 110/115 MP: 12/12
 11113 | D:10     | Found a sparkling altar of Nemelex Xobeh.
 11115 | D:10     | Noticed a two-headed ogre
 11116 | D:10     | XOM: summons friendly shadow imp
 11119 | D:10     | Killed a two-headed ogre
 11120 | D:10     | Reached skill level 10 in Fighting
 11120 | D:10     | Reached skill level 13 in Unarmed Combat
 11184 | D:10     | XOM: divination: detect creatures
 11464 | D:11     | You fall into a shaft and drop 3 floors!
 11494 | D:13     | Identified a scroll of acquirement
 11495 | D:13     | Acquired the ring "Segorix" {rF+ Dex+5 Stlth+}
 11683 | D:13     | XOM: cast spell 'Leda's Liquefaction'
 11688 | D:13     | Noticed a +8 long sword
 11712 | D:13     | Killed a +8 long sword
 11834 | D:13     | Found a frozen archway.
 11860 | D:13     | Reached skill level 5 in Armour
 11941 | IceCv    | Entered an ice cave
 11941 | IceCv    | XOM: potion effect (haste)
 11942 | IceCv    | XOM: confuse monster(s)
 12043 | IceCv    | XOM: cast spell 'Summon Mana Viper'
 12096 | IceCv    | Found an ancient bone altar of Kikubaaqudgha.
 12096 | IceCv    | XOM: 1-stop teleportation journey
 12102 | IceCv    | XOM: enchant monster (good)
 12134 | IceCv    | XOM: summons friendly white imp
 12142 | IceCv    | XOM: noise
 12148 | IceCv    | Reached skill level 14 in Unarmed Combat
 12254 | IceCv    | XOM: 2-stop teleportation journey
 12551 | IceCv    | XOM: noise
 12611 | IceCv    | XOM: confuse monster(s)
 12611 | IceCv    | XOM: smoke on damage
 12618 | IceCv    | XOM: potion effect (haste)
 12619 | IceCv    | XOM: destruction
 12627 | IceCv    | Reached XP level 12. HP: 80/124 MP: 13/13
 12856 | IceCv    | XOM: silly message
 12920 | IceCv    | XOM: cast spell 'Monstrous Menagerie'
 12987 | IceCv    | XOM: destruction
 12997 | IceCv    | XOM: enchant monster (good)
 13010 | IceCv    | XOM: confuse monster(s)
 13012 | IceCv    | XOM: potion effect (heal wounds)
 13175 | IceCv    | Got an innocuous book
 13335 | D:12     | Found a hazy altar of Hepliaklqana.
 13390 | D:12     | Found Losisu's Jewellery Emporium.
 13393 | D:12     | XOM: 2-stop teleportation journey
 13576 | D:12     | Noticed Fannar
 13576 | D:12     | XOM: smoke on damage
 13587 | D:12     | Killed Fannar
 13653 | D:12     | Reached skill level 10 in Armour
 13674 | D:12     | XOM: give mutations
 13674 | D:12     | Gained mutation: You are highly strong-willed. (Will++)
                  | [Xom's grace]
 13674 | D:12     | Lost mutation: You are dopey. (Int -2) [Xom's grace]
 13674 | D:12     | Gained mutation: Your tail ends in a sharp venomous barb.
                  | [Xom's grace]
 13674 | D:12     | Gained mutation: You are extremely strong-willed. (Will+++)
                  | [Xom's grace]
 13834 | D:12     | XOM: summons friendly shadow imp
 13871 | D:12     | XOM: fog
 13880 | D:12     | XOM: smoke on damage
 13882 | D:12     | Reached skill level 15 in Unarmed Combat
 14085 | D:12     | XOM: summons 1 hostile demon
 14628 | D:11     | Noticed a two-headed ogre
 14635 | D:11     | Killed a two-headed ogre
 14759 | D:11     | XOM: chaos upgrade
 14779 | D:11     | XOM: god gift: robe {god gift}
 14794 | D:11     | XOM: polymorph yak -> rime drake
 14802 | D:11     | XOM: blink monster(s)
 15243 | D:$      | Got out of the dungeon alive.

Illustrated notes

Levels and vault maps discovered:
D:1:      orjb1_clovarrival, layout_rooms, fountainhead
D:2:      layout_basic, uniq_natasha
D:3:      layout_loops_ring, jmf_multi_god_temple2
D:4:      layout_cave_pods, kennysheep_mini_moat, cheibrodos_sewer_entry_drain
D:5:      layout_basic, nicolae_uskayaw_en_pointe, general_overflow_altar,
          minmay_shop_enchanted_jewellery, minmay_manual_mess, uniq_eustachio
D:6:      minmay_razor_zed, layout_loops_cross, okawaru_metal_pillars_1_2,
          minmay_temple_entry_butterflies
D:7:      layout_gridville, mainiacjoe_overflow_chevrons,
          nicolae_overflow_hidden_temple
D:8:      minmay_goldmine, layout_loops_ring, minmay_shop_grid_forest
D:9:      layout_roguey [special_room_bee], trog_butcher_becter, david_orc_3,
          uniq_psyche, uniq_grum
D:10:     layout_irregular_city, mainiacjoe_overflow_alcove_1,
          nicolae_two_hexagons, kennysheep_cross_room
D:11:     layout_loops_ring
D:12:     layout_irregular_city, serial_shops, shop,
          nicolae_hepliaklqana_hazy_memory, uniq_fannar
D:13:     dragon1_lemuel, layout_irregular_city, erik_vaults_1,
          portal_ice_cave_entry_imps
D:14:     layout_rooms, serial_shops, kennysheep_mini, fedhas_altar_2,
          uniq_nessos

Skill      XL: |  1  2  3  4  5  6  7  8  9 10 11 12 |
---------------+-------------------------------------+-----
Unarmed Combat | 3 4 5 6 7 9 10 11 12 14 15 | 15.4
Fighting       | 5 7 9 10 | 10.1
Armour         | 8 11 | 11.3
Dodging        | |  0.6

Action                     |  1- 3 |  4- 6 |  7- 9 | 10-12 || total
---------------------------+-------+-------+-------+-------++-------
  Melee: Unarmed           |    74 |   165 |   269 |   565 ||  1073
         Tailslap          |    10 |    23 |    47 |   132 ||   212
         Kick              |     7 |    28 |    81 |   229 ||   345
  Evoke: Phantom mirror    |       |       |       |     1 ||     1
    Use: Scroll            |     2 |       |     7 |    11 ||    20
         Potion            |     1 |       |     2 |     4 ||     7
   Stab: Petrifying        |       |       |     1 |       ||     1
         Confused          |       |       |       |     5 ||     5
 Armour: Leather armour    |    48 |    83 |   138 |       ||   269
         Acid dragon scale |       |       |       |   218 ||   218
         Crystal plate arm |       |       |       |   166 ||   166
  Dodge: Dodged            |    20 |    33 |    64 |   133 ||   250
  Block: Orb               |       |       |    19 |    74 ||    93

Table legend: (Time is in decaauts)
 A = Elapsed time spent in this place.
 B = Non-inter-level travel time spent in this place.
 C = Inter-level travel time spent in this place.
 D = Time resting spent in this place.
 E = Time spent auto-exploring this place.
 F = Levels seen in this place.
 G = Mean time per level.
                   A        B        C        D        E       F      G
               +--------+--------+--------+--------+--------+-----+--------+
         Total |  15038 |  14234 |    804 |   2536 |   7837 |  16 |  939.9 |
       Dungeon |  12774 |  11970 |    804 |   1921 |   7154 |  14 |  912.4 |
         Sewer |    997 |    997 |      0 |    216 |    416 |   1 |  997.0 |
      Ice Cave |   1266 |   1266 |      0 |    398 |    267 |   1 | 1266.0 |
               +--------+--------+--------+--------+--------+-----+--------+

Top non-repeatable levels by time:
     D:5: 1509 daAuts
     D:6: 1453 daAuts
     D:8: 1268 daAuts
   IceCv: 1266 daAuts
     D:2: 1180 daAuts
    D:12: 1011 daAuts
   Sewer: 997 daAuts
     D:4: 974 daAuts
     D:9: 962 daAuts
    D:10: 883 daAuts
     D:7: 848 daAuts
     D:3: 843 daAuts
    D:11: 741 daAuts
     D:1: 584 daAuts
    D:13: 505 daAuts
